 Dungeon Crawl Stone Soup version 0.30.1-4-g462c640d31 (webtiles) character file.

Game seed: 12835599313617378414

35 Eryximachus the Magician (level 3, -3/21 HPs)
             Began as an Octopode Hedge Wizard on Sept 10, 2023.
             Killed from afar by an orc wizard (6 damage)
             ... with a puff of flame
             ... on level 2 of the Dungeon on Sept 16, 2023.
             The game lasted 00:11:28 (2263 turns).

Eryximachus the Magician (Octopode Hedge Wizard)    Turns: 2263, Time: 00:11:28

Health: -3/21      AC:  1    Str:  9    XL:     3   Next: 33%
Magic:  6/8        EV: 13    Int: 18    God:
Gold:   63         SH:  0    Dex: 11    Spells: 4/9 levels left

rFire   . . .        a - +0 dagger
rCold   . . .        (no shield)
rNeg    . . .        b - +0 hat
rPois   .            (no amulet)
rElec   .            (no ring)
rCorr   .            (no ring)
SInv    .            (no ring)
Will    .....        (no ring)
Stlth   +++          (no ring)
HPRegen 0.23/turn    (no ring)
MPRegen 0.11/turn    (no ring)
                     (no ring)

%: no passive effects
@: no status effects
A: almost no armour, amphibious, 8 rings, camouflage 1, gelatinous body 1,
(nimble swimmer 1), tentacles
a: no special abilities


You were on level 2 of the Dungeon.
You visited 1 branch of the dungeon, and saw 3 of its levels.

You collected 63 gold pieces.


Innate Abilities, Weirdness & Mutations

You cannot wear most types of armour.
You are amphibious.
You can wear up to eight rings at the same time.
Your skin changes colour to match your surroundings (Stealth+).
Your rubbery body absorbs attacks. (AC +1, EV +1)
((You are camouflaged when in or above water. (Stealth+)))
You have tentacles for arms and can constrict up to eight enemies at once.


   Skills:
 - Level 2.0 Dodging
 - Level 3.0 Stealth
 + Level 3.5 Spellcasting
 + Level 2.2 Conjurations
 - Level 1.0 Summonings
 - Level 1.0 Translocations


You had 4 spell levels left.
You knew the following spells:

 Your Spells              Type           Power      Damage    Failure   Level
c - Call Imp              Summ           12%        N/A       16%         2
m - Magic Dart            Conj           44%        1d5       6%          1
B - Blink                 Tloc           12%        N/A       16%         2

Your spell library contained the following spells:

 Spells                   Type           Power      Damage    Failure   Level
 Kiss of Death            Conj/Necr      28%        2d7       10%         1
 Slow                     Hex            12%        N/A       16%         1
 Cigotuvi's Dreadful Rot  Necr/Pois/Air  6%         N/A       24%         2
 Mephitic Cloud           Conj/Pois/Air  5%         N/A       34%         3
 Confusing Touch          Hex            3%         N/A       43%         3
 Cause Fear               Hex            1%         N/A       83%         4
 Dispel Undead            Necr           3%         3d7       83%         4
 Dragon Form              Tmut           1%         N/A       100%        7
 Dragon's Call            Summ           3%         N/A       100%        9

Inventory:

Hand Weapons
 a - a +0 dagger (weapon)
Missiles
 h - 11 poisoned darts (quivered)
Armour
 b - a +0 hat (worn)
Jewellery
 C - a ring of ice
Scrolls
 d - 6 scrolls of identify {unknown}
 f - a scroll of acquirement {unknown}
 i - a scroll of silence {unknown}
Potions
 c - a potion of magic
 e - a potion of flight {unknown}
 g - a potion of curing {unknown}
 j - a potion of cancellation {unknown}

Dungeon Overview and Level Annotations

Branches:
Dungeon (3/15)

Altars:

Annotations:
D:1 exclusion: downstairs
D:2 exclusion: adder

#.....# ##.....##
#.#.##.#.# #####.#
##...## #.#.##†#.# #.#
##'## #.#......# #.#
##.#######......### #.#
#.......####.#### #.#
#..####.####.# #.#
##...#........#
#.#####..........####
#......#.@{#.###.#
#####...#5##.# #>#
#.÷......###.#
#...#......).#
#####.######## #.#
#######.### #.........#
#########.#####.#.######


You could see a friendly cerulean imp (summoned).


Message History

You miss something. Something hits you.
You miss something.
You hear some strange, mumbled words.
Something misses your cerulean imp.
You closely miss something. You squeeze something.
Your cerulean imp disappears in a puff of smoke!
Something hits you.
You climb upwards.
Level annotation: exclusion: adder Reactivating autopickup.
There is a stone staircase leading down here.
Casting: Call Imp (safe; 16% risk of failure)
Confirm with . or Enter, or press ? or * to list all spells.
A tiny devil pulls itself out of the air.
Something hits you.
Deactivating autopickup; reactivate with Ctrl-A.
You hear some strange, mumbled words.
A magic dart appears from out of thin air!
The magic dart hits you.
* * * LOW HITPOINT WARNING * * *
You hit something but do no damage. Something hits you.
* * * LOW HITPOINT WARNING * * *
You hit something. Something hits you.
* * * LOW HITPOINT WARNING * * *
You hit something but do no damage. Something barely misses you.
You barely miss something.
You hear some strange, mumbled words.
A puff of flame appears from out of thin air!
The puff of flame hits you.
You die...

Skill      XL: |  1  2  3 |
---------------+----------+-----
Stealth        | 3 |  3.0
Conjurations   | 2 |  2.2
Dodging        | |  2.0
Spellcasting   | |  3.5
Summonings     | |  1.0
Translocations | |  1.0

Action                     || total
---------------------------++-------
  Melee: Dagger            ||    51
         Constrict         ||    11
         Tentacles         ||     7
         Punch             ||     1
   Cast: Magic Dart        ||    37
         Call Imp          ||     2
   Stab: Sleeping          ||     3
         Distracted        ||     2
 Armour: Skin              ||     5
  Dodge: Dodged            ||    16

Levels and vault maps discovered:
D:1:      spicycebolla_arrival_xxxplode, layout_basic, serial_co_window_serial,
          co_window_paths_a, co_window_paths_b, co_window_paths_b,
          co_window_paths_a, co_window_corner_a, co_window_of_opportunity_a,
          co_window_unsneaky_path_a, co_window_cross_2, co_window_broadway_c,
          co_window_unsneaky_path_b, co_window_corner_cb, co_window_2corner,
          co_window_corner_cb, glass_columns_a, glass_columns_a
D:2:      layout_loops_corners, shapermc_ecumenical_altar_mp_ritualfount
D:3:      layout_loops_ring, minmay_misc_feat_encased

Notes
Turn   | Place    | Note
-------+----------+-------------------------------------------
     0 | D:1      | Eryximachus the Octopode Hedge Wizard began the quest for
                  | the Orb.
     0 | D:1      | Reached XP level 1. HP: 11/11 MP: 4/4
   378 | D:1      | Reached skill level 3 in Stealth
   419 | D:1      | Reached XP level 2. HP: 17/17 MP: 3/6
  1599 | D:2      | Found a faded altar of an unknown god.
  1806 | D:2      | Reached XP level 3. HP: 21/21 MP: 7/7
  1809 | D:2      | Learned a level 2 spell: Call Imp
  1812 | D:2      | Learned a level 2 spell: Blink
  1901 | D:2      | Reached skill level 2 in Conjurations
  2261 | D:2      | HP: 2/21 [something (5)]
  2263 | D:2      | Killed from afar by an orc wizard

Vanquished Creatures
  2 dart slugs (D:2)
  An orc (D:3)
  2 endoplasms
  3 giant cockroaches
  3 goblins
  A hobgoblin (D:1)
  A kobold (D:2)
  2 quokkas
  5 ball pythons
  2 bats (D:1)
  3 frilled lizards (D:2)
  3 rats (D:2)
28 creatures vanquished.

Table legend: (Time is in decaauts)
 A = Elapsed time spent in this place.
 B = Non-inter-level travel time spent in this place.
 C = Inter-level travel time spent in this place.
 D = Time resting spent in this place.
 E = Time spent auto-exploring this place.
 F = Levels seen in this place.
 G = Mean time per level.
                   A        B        C        D        E       F      G
               +--------+--------+--------+--------+--------+-----+--------+
         Total |   2263 |   2165 |     98 |    354 |    967 |   3 |  754.3 |
       Dungeon |   2263 |   2165 |     98 |    354 |    967 |   3 |  754.3 |
               +--------+--------+--------+--------+--------+-----+--------+

Top non-repeatable levels by time:
     D:1: 1199 daAuts
     D:2: 990 daAuts
     D:3: 73 daAuts

Table legend:
 A = Non-vault XP
 B = Vault XP
 C = Vault XP percentage of total XP
 D = Non-vault monster count
 E = Vault monster count
 F = Vault count percentage of total count
                 A         B        C        D         E       F
            +---------+---------+-------+---------+---------+-------
      Total |      50 |       0 |   0.0 |      28 |       0 |   0.0
            +---------+---------+-------+---------+---------+-------
        D:1 |      16 |       0 |   0.0 |      10 |       0 |   0.0
        D:2 |      29 |       0 |   0.0 |      16 |       0 |   0.0
        D:3 |       5 |       0 |   0.0 |       2 |       0 |   0.0
            +---------+---------+-------+---------+---------+-------
